AoeStats
← DrMack

Arabia

505840811Analyzed
1v1 RM · 20d ago on Sep 11, 2026· 64m 0s· 2 players
Game mode
Random Map
Map size
Tiny (2 player)
Population
200
Speed
Normal
Resources
Standard
Victory
Conquest
Starting age
Dark Age
Ending age
Imperial Age
RankedLock teamsTeams togetherTeam positionsShared explorationLock speedFull tech treeHidden civsTurbo modeCheats
Victory
Defeat
🇬🇧 Portuguese · United Kingdom
1150
+15
🇮🇳 Tatars · India
1131
-15
Memphis101n
6:06 Loom
10:02 Feudal Age
21:24 Castle Age
20:46 Bloodlines
21:39 Double-Bit Axe
22:26 Fletching
25:58 Bodkin Arrow
26:05 Padded Archer Armor
30:27 Husbandry
37:49 Wheelbarrow
39:51 Hand Cart
42:21 Imperial Age
40:51 Leather Archer Armor
42:22 Ballistics
44:52 Chemistry
44:16 Bracer
44:47 Ring Archer Armor
43:57 Light Cavalry
45:09 Elite Keshik
45:17 Hussar
47:35 Forging
47:31 Scale Barding Armor
DrMack
1:27 Loom
11:10 Feudal Age
11:12 Man-at-Arms
12:49 Double-Bit Axe
14:49 Wheelbarrow
15:31 Forging
17:01 Horse Collar
21:21 Castle Age
20:28 Bloodlines
20:52 Scale Barding Armor
20:58 Gold Mining
22:34 Scale Mail Armor
22:43 Husbandry
22:31 Pikeman
24:39 Iron Casting
27:51 Hand Cart
29:11 Chain Barding Armor
29:47 Chain Mail Armor
33:40 Fletching
39:09 Imperial Age
37:22 Gambesons
36:58 Long Swordsman
37:46 Bodkin Arrow
38:19 Heavy Plow
39:37 Bow Saw
40:19 Conscription
39:26 Cavalier
42:59 Blast Furnace
42:37 Murder Holes
42:23 Treadmill Crane
43:05 Ballistics
42:57 Masonry
44:05 Plate Barding Armor
47:26 Halberdier
50:03 Stone Mining
55:06 Plate Mail Armor
55:58 Bracer
57:18 Two-Man Saw
57:31 Padded Archer Armor
59:57 Chemistry
60:01 Stone Shaft Mining
61:28 Elite Organ Gun
Connection lost

Rejoining the realm…

Still unreachable

The connection could not be restored.

Session expired

The server has moved on; the page needs a fresh start.